 Dungeon Crawl Stone Soup version 0.11.0-9-gb634444 (webtiles) character file.

248 Dlove the Chopper (level 4, -1/40 HPs)
             Began as a Minotaur Berserker on Oct 27, 2012.
             Was a Believer of Trog.
             Slain by a gnoll
             ... wielding a +0,+0 halberd
              (5 damage)
             ... on Level 2 of the Dungeon.
             The game lasted 00:05:33 (1184 turns).

Dlove the Chopper (Minotaur Berserker)              Turns: 1184, Time: 00:05:33

HP  -1/40        AC  3     Str 23      XL: 4   Next: 23%
MP   1/1         EV 11     Int  4      God: Trog [**....]
Gold 171         SH  0     Dex  9      Spells:  0 memorised,  3 levels left

Res.Fire  : . . .   See Invis. : .   a - +0 hand axe {=f}
Res.Cold  : . . .   Warding    : .   j - +0 leather armour
Life Prot.: . . .   Conserve   : .   (no shield)
Res.Poison: .       Res.Corr.  : .   (helmet restricted)
Res.Elec. : .       Clarity    : .   (no cloak)
Sust.Abil.: . .     Spirit.Shd : .   (no gloves)
Res.Mut.  : .       Stasis     : .   (no boots)
Res.Rott. : .       Ctrl.Telep.: .   (no amulet)
Saprovore : . . .   Levitation : .   (no ring) Ctrl.Flight: .
                                     h - ring of wizardry

@: exhausted, slowed, very slow, slightly resistant to hostile enchantments,
very unstealthy
A: retaliatory headbutt, horns 2
a: Burn Spellbooks, Berserk, Trog's Hand, Renounce Religion


You were on level 2 of the Dungeon.
You worshipped Trog.
Trog was most pleased with you.
You were hungry.

You visited 1 branch of the dungeon, and saw 2 of its levels.

You collected 151 gold pieces.

Inventory:

Hand weapons
 a - a +0,+0 hand axe (weapon) {=f}
Armour
 b - a +0 animal skin
 j - a +0 leather armour (worn)
Comestibles
 c - a bread ration
 d - a meat ration
Scrolls
 e - 2 scrolls of random uselessness {unknown}
 l - a scroll of curse weapon {unknown}
 m - a scroll of enchant armour {unknown}
Jewellery
 h - a ring of wizardry (left hand)
Potions
 f - a potion of mutation {unknown}
 g - a potion of curing {unknown}
 i - a potion of paralysis {unknown}
 k - a potion of heal wounds {unknown}
 n - a potion of degeneration {unknown}
 o - a potion of magic {unknown}


   Skills:
 + Level 4.3 Fighting
 + Level 4.5 Axes
 + Level 2.9 Armour
 + Level 3.2 Dodging


You had 3 spell levels left.
You didn't know any spells.

Dungeon Overview and Level Annotations

Branches:
Dungeon (2/27)

Altars:


Innate Abilities, Weirdness & Mutations

You reflexively headbutt those who attack you in melee.
You have a pair of horns on your head.


Message History

The kobold closely misses you.
The gnoll unwields an uncursed spear.
The gnoll drops an uncursed spear.
The gnoll picks up a halberd.
The gnoll wields a halberd.
You hit the kobold.
The kobold is moderately wounded.
The kobold hits you but does no damage.
The gnoll picks up an uncursed spear.
You hit the kobold. You headbutt the kobold.
You kill the kobold!
Trog accepts your kill. The gnoll barely misses you.
The gnoll hits you from afar with a halberd!
* * * LOW HITPOINT WARNING * * *
The gnoll closely misses you.
Things that are here:
a dagger; a kobold corpse You hit the gnoll.
You headbutt the gnoll, but do no damage.
The gnoll is lightly wounded.
The gnoll hits you with a halberd.
You die...

...........#####
...........# #
##########.######### ..K
. ..........# ...#
....#..........# .....
.....#.........%#.K.....
......##.... #K.....#
.......##.## #g####.#
#.......##.# #@#
#.......##.# #.#
#.......##.#####)#
#..............#.#
#######.###.##.#.#
......#.# #.#....#
......#.# #.######
......#%# #.#....#
......#.# #.#.##.#


You could see a gnoll and a kobold.

Vanquished Creatures
  3 gnolls (D:2)
  A giant mite (D:1)
  A worm (D:2)
  An orc (D:2)
  3 bats (D:1)
  A giant cockroach (D:2)
  3 goblins (D:1)
  4 hobgoblins (D:1)
  4 jackals (D:1)
  A ball python (D:2)
  2 giant newts
  5 kobolds
  6 rats
35 creatures vanquished.

Vanquished Creatures (others)
  A toadstool (D:1)
1 creature vanquished.

Grand Total: 36 creatures vanquished

Notes
Turn   | Place    | Note
--------------------------------------------------------------
     0 | D:1      | Dlove, the Minotaur Berserker, began the quest for the Orb.
     0 | D:1      | Reached XP level 1. HP: 19/19 MP: 0/0
   304 | D:1      | Reached XP level 2. HP: 19/26 MP: 0/0
   364 | D:1      | Reached skill level 4 in Axes
   779 | D:1      | Reached XP level 3. HP: 20/33 MP: 1/1
  1076 | D:2      | Acquired Trog's second power
  1165 | D:2      | Reached XP level 4. HP: 35/40 MP: 1/1
  1184 | D:2      | Slain by a gnoll
